 Dungeon Sprint DCSS version 0.01-2115-ge649c80b0b (webtiles) character file.

Game seed: 12889843718652051295, levelgen mode: deterministic

12712 Lanoc the Brawler (level 11, -19/146 HPs) Troll Demonspawn. Began on June 7, 2020. Was the Champion of Jiyva. Demolished by a phantasmal warrior (25 damage) ... in the Dungeon (Sprint VII: "The Pits"). The game lasted 00:07:13 (1005 turns).

Lanoc the Brawler (Troll Demonspawn)                Turns: 1005, Time: 00:07:14

Health: -19/146    AC: 10    Str: 20    XL:     11 ^: 3688
Magic:  10/11      EV: 25    Int: 14    God:    Jiyva [****** (200)]
Gold:   18         SH:  6    Dex: 24    Spells: 11/12 levels left

rFire    . . .     Vision   +     - Unarmed
rCold    + . .     Gourm    +     - Unarmed
rNeg     . . .     Faith    .   u - +0 acid dragon scales
rPois    +         Spirit   .   (helmet restricted)
rElec    .         Reflect  .   t - +0 cloak
rCorr    +         Harm     .   (gloves unavailable)
MR       +....     Clarity  +   (boots unavailable) Stlth ++........NoTele +
                                (no amulet)
HPRegen  0.98/turn              q - ring of dexterity
MPRegen  0.21/turn              w - ring "Rejitoa" {rPois MR+ EV+5 Int+5, (Curse: rC-)} (curse)

@: lethally poisoned (-19 -> -19), vulnerable
A: large, unfitting armour, antennae 1, claws 3, fangs 2, large bone plates 2,
see invisible, agile 2, clarity, cold resistance 1, fast metabolism 3, gourmand,
magic resistance 1, sense surroundings 1, regeneration 1, robust 2, shaggy fur
3, tough skin 3, pseudopods 1, translucent skin 1, freezing cloud immunity,
MP-powered wands
a: Request Jelly, Slimify, Cure Bad Mutation, Renounce Religion


You were in the Dungeon.
You worshipped Jiyva.
Jiyva was exalted by your worship.
You were not hungry.

You visited 1 branch You collected 18 gold pieces.

Inventory:

Armour
 t - a +0 cloak (worn)
 u - +0 acid dragon scales (worn)
Magical Staves
 a - a +5 chaotic staff of life
Jewellery
 q - a ring of dexterity (left claw)
 s - an uncursed ring of intelligence
 w - the cursed ring "Rejitoa" (right claw) {rPois MR+ EV+5 Int+5, (Curse: rC-)}
   (You found it in the Dungeon)

   [ring of evasion]

   It affects your evasion (+5).
   It affects your intelligence (+5).
   It protects you from poison.
   It affects your resistance to hostile enchantments.
   It has a curse placed upon it.
   { (Curse: rC-)}
Wands
 m - a wand of flame (3)
 n - a wand of ensnaring (2)
Scrolls
 i - a scroll of blinking
 j - a scroll of bless item
 k - 5 scrolls of amnesia
 l - a scroll of summoning
Potions
 b - 2 potions of invisibility
 d - 6 potions of curing
 e - 6 potions of heal wounds
 f - 4 potions of haste
 g - 4 potions of magic
 h - 4 potions of berserk rage
 o - 2 potions of agility
 p - a potion of might
 r - 2 potions of resistance
Comestibles
 c - 15 rations


   Skills:
 + Level 11.6 Fighting
 + Level 11.8 Dodging
 - Level 1.0 Stealth
 * Level 18.1 Unarmed Combat
 - Level 1.2 Spellcasting
   Level 2.4 Invocations


You had 11 spell levels left.
You knew the following spells:

 Your Spells              Type           Power        Failure   Level  Hunger
a - Flame Tongue          Fire           0 (40)       28%         1    ##.....

Your spell library contained the following spells:

 Spells                   Type           Power        Failure   Level  Hunger
 Blink                    Tloc           N/A          41%         2    ###....
 Call Imp                 Summ           0 (100)      41%         2    ###....
 Slow                     Hex            0 (100)      41%         2    ###....
 Conjure Flame            Fire           0 (100)      65%         3    ####...
 Mephitic Cloud           Pois/Air       0 (100)      65%         3    ####...


Dungeon Overview and Level Annotations

Branches:
Dungeon (1/1)

Altars:
Ashenzari
Cheibriados
Dithmenos
Elyvilon
Fedhas
Gozag
Hepliaklqana
Kikubaaqudgha
Makhleb
Nemelex Xobeh
Okawaru
Qazlal
Ru
Sif Muna
Trog
Uskayaw
Vehumet
Wu Jian
Xom
Yredelemnul
Zin
The Shining One
Beogh
Jiyva
Lugonu


Innate Abilities, Weirdness & Mutations

You are too large for most types of armour.
You have claws for hands. (+6 Unarmed)
You are mostly covered in large bone plates. (SH +6)
You are cold resistant. (rC+)
Your metabolism is lightning-fast.
You like to eat raw meat.
Your natural rate of healing is unusually fast.
Your thick and shaggy fur keeps you warm. (AC +3, rC+)
You have extremely tough skin. (AC +3)
You are immune to freezing clouds.
You have a pair of small antennae on your head.
You have extremely sharp teeth.
You have supernaturally acute eyesight. (+Vis)
You are very agile. (Dex +4)
You possess an exceptional clarity of mind.
You are resistant to hostile enchantments. (MR+)
You passively map a small area around you.
You are very robust. (+20% HP)
Armour fits poorly on your pseudopods.
Your translucent skin slightly reduces your foes' accuracy. (Stealth)
You expend magic power (3 MP) to strengthen your wands.


Message History

Your teeth lengthen and sharpen some more.
Jiyva appreciates your sacrifice.
You feel a little less hungry.
You feel your power returning.
You feel better.
The phantasmal warrior blinks!
You feel sick.
The phantasmal warrior zaps a wand.
You resist with almost no effort. You block the sea snake's attack.
You feel sick.
The phantasmal warrior blinks!
The phantasmal warrior barely misses you (0).
You feel sick.
The phantasmal warrior closely misses you (0).
You feel sick.
The phantasmal warrior blinks!
The phantasmal warrior hits you (31)!!
* * * LOW HITPOINT WARNING * * *
Your magical defenses are stripped away!
You block the sea snake's attack.
You feel sick.
You hear a distant slurping noise.
You feel a little less hungry.
You feel your power returning.
You feel better. The phantasmal warrior hits you (25)!!
You die...

, , #....§............L
#.............x.... ,,
#..###########4##4# , ,
#..##.#.#†#.#.#.#.# , ,
#..#.#.#†#†#.#.#.## *,
#.t##)#[#.#)#.#.#)# , ,
#.S#{#÷#.#.#"#.#.##
#W.##{#.#.#.#.#.#.# *
**#.@#'##############
#############.................J
#_________.##..................
#_________.###########''#######
#_______...###########''#######
##########'##................##
#.?}.'J..'.##......#..#......##
##########.##................''
#...........'................''


You could see an alligator, a sea snake and a phantasmal warrior.

Vanquished Creatures
  A ghost moth (D)
  An ettin (D)
  An alligator (D)
  2 shadow wraiths (D)
  2 swamp dragons (D)
  A fire crab (D)
  A lindwurm (D)
  An ugly thing (D)
  A freezing wraith (D)
  A molten gargoyle (D)
  An elephant (D)
  A gargoyle (D)
  A large abomination (D)
  An orange demon (D)
  3 hornets (D)
  3 wind drakes (D)
  A jumping spider (D)
  A wraith (D)
  A redback (D)
  A water elemental (D)
  A vampire (D)
  Grinder (D)
  4 yaks (D)
  3 spriggans (D)
  An acid dragon (D)
  A phantom (D)
  A necrophage (D)
  3 hell hounds (D)
  An ice beast (D)
  2 crocodiles (D)
  A big kobold (D)
  An orc wizard (D)
  A gnoll (D)
  A bat (D)
  A giant cockroach (D)
  2 goblins (D)
  A hobgoblin (D)
  2 jackals (D)
  A ball python (D)
  A bat skeleton (D)
  A giant cockroach zombie (D)
  3 kobolds (D)
  A rat (D)
61 creatures vanquished.

Vanquished Creatures (collateral kills)
  A warg (D)
  A water moccasin (D)
  A quasit (D)
  A gnoll (D)
4 creatures vanquished.

Vanquished Creatures (others)
  Dissolution (D)
  2 death oozes (D)
  2 great orbs of eyes (D)
  A necromancer (D)
  A rust devil (D)
  A shining eye (shapeshifter) (D)
  A slime creature (D)
  2 jumping spiders (D)
  A flying skull (D)
  2 redbacks (D)
  2 golden eyes (D)
  2 floating eyes (D)
  2 eyes of draining (D)
  12 jellies (D)
  An ooze (D)
  A giant cockroach simulacrum (D)
34 creatures vanquished.

Grand Total: 99 creatures vanquished

Notes
Turn   | Place    | Note
-------+----------+-------------------------------------------
     0 | D        | Lanoc the Troll Demonspawn began the quest for the Orb.
     0 | D        | Reached XP level 1. HP: 19/19 MP: 1/1
    15 | D        | Found a bloodstained altar of Trog.
    15 | D        | Found a shimmering blue altar of Sif Muna.
    15 | D        | Found a viscous altar of Jiyva.
    15 | D        | Found a hazy altar of Hepliaklqana.
    15 | D        | Found an opulent altar of Gozag.
    37 | D        | Found a glowing golden altar of the Shining One.
    37 | D        | Found a glowing silver altar of Zin.
    37 | D        | Found a basalt altar of Yredelemnul.
    37 | D        | Found a shimmering altar of Xom.
    37 | D        | Found an ornate altar of the Wu Jian Council.
    37 | D        | Found a sacrificial altar of Ru.
    37 | D        | Found a stormy altar of Qazlal.
    37 | D        | Found an iron altar of Okawaru.
    37 | D        | Found a sparkling altar of Nemelex Xobeh.
    37 | D        | Found a burning altar of Makhleb.
    37 | D        | Found a blossoming altar of Fedhas.
    37 | D        | Found a white marble altar of Elyvilon.
    37 | D        | Found a shadowy altar of Dithmenos.
    37 | D        | Found a snail-covered altar of Cheibriados.
    40 | D        | Found a roughly hewn altar of Beogh.
    40 | D        | Found a corrupted altar of Lugonu.
    40 | D        | Found a radiant altar of Vehumet.
    41 | D        | Became a worshipper of Jiyva Jikoyrue the Shapeless
    41 | D        | Reached * piety under Jiyva
    41 | D        | Reached ** piety under Jiyva
    42 | D        | Found an ancient bone altar of Kikubaaqudgha.
    42 | D        | Found a hide-covered altar of Uskayaw.
    42 | D        | Found a shattered altar of Ashenzari.
    42 | D        | Killed a necromancer
    43 | D        | Killed a shining eye
    43 | D        | Killed a jumping spider
    45 | D        | Killed a slime creature
    45 | D        | Reached *** piety under Jiyva
    45 | D        | Gained mutation: You have a small jelly attached to you
                  | that may absorb incoming projectiles. [Jiyva's grace]
    46 | D        | Reached **** piety under Jiyva
    46 | D        | Gained mutation: You have a pair of small antennae on your
                  | head. [Jiyva's grace]
    46 | D        | Reached ***** piety under Jiyva
    48 | D        | Gained mutation: You have sharp toenails. [Jiyva's grace]
    50 | D        | Killed a death ooze
    51 | D        | Gained mutation: You are agile. (Dex +2) [Jiyva's grace]
    51 | D        | Reached ****** piety under Jiyva
    53 | D        | Killed a death ooze
    53 | D        | Gained mutation: You are robust. (+10% HP) [Jiyva's grace]
    53 | D        | Gained mutation: You are very agile. (Dex +4) [Jiyva's
                  | grace]
    54 | D        | Gained mutation: You are heat resistant. (rF+) [Jiyva's
                  | grace]
    58 | D        | Killed a jumping spider
    58 | D        | Lost mutation: You are heat resistant. (rF+) [Jiyva's
                  | grace]
    61 | D        | Gained mutation: Your spells are a little harder to cast,
                  | but a little more powerful. [Jiyva's grace]
    64 | D        | Lost mutation: You have sharp toenails. [Jiyva's grace]
    67 | D        | Reached skill level 3 in Unarmed Combat
    70 | D        | Killed a rust devil
    73 | D        | Killed a great orb of eyes
    74 | D        | Noticed a big kobold
    74 | D        | Killed an eye of draining
    75 | D        | Gained mutation: You are partially covered in large bone
                  | plates. (SH +4) [demonic ancestry]
    75 | D        | Reached XP level 2. HP: 29/30 MP: 2/2
    78 | D        | Killed a redback
    78 | D        | Killed a great orb of eyes
    83 | D        | Killed a big kobold
    83 | D        | Reached skill level 5 in Unarmed Combat
    83 | D        | Reached XP level 3. HP: 30/40 MP: 3/3
    83 | D        | Reached XP level 4. HP: 37/49 MP: 4/4
    85 | D        | Killed a floating eye
    89 | D        | Gained mutation: You have sharp toenails. [Jiyva's grace]
    93 | D        | Lost mutation: You are very agile. (Dex +4) [Jiyva's grace]
    94 | D        | Lost mutation: You are agile. (Dex +2) [Jiyva's grace]
    97 | D        | Gained mutation: You passively map a small area around you.
                  | [Jiyva's grace]
   100 | D        | Killed a redback
   101 | D        | Gained mutation: You are strong. (Str +2) [Jiyva's grace]
   102 | D        | Gained mutation: You are dopey. (Int -2) [Jiyva's grace]
   102 | D        | Gained mutation: You are agile. (Dex +2) [Jiyva's grace]
   102 | D        | Lost mutation: You have a small jelly attached to you that
                  | may absorb incoming projectiles. [Jiyva's grace]
   108 | D        | Gained mutation: You can translocate small distances at
                  | will. [Jiyva's grace]
   109 | D        | Gained mutation: You are covered in thick fur. (AC +2)
                  | [Jiyva's grace]
   110 | D        | Killed a floating eye
   112 | D        | Lost mutation: You are robust. (+10% HP) [Jiyva's grace]
   112 | D        | Lost mutation: You are strong. (Str +2) [Jiyva's grace]
   115 | D        | Lost mutation: You are dopey. (Int -2) [Jiyva's grace]
   115 | D        | Gained mutation: You are robust. (+10% HP) [Jiyva's grace]
   120 | D        | Killed Dissolution
   129 | D        | Noticed a warg
   129 | D        | Noticed a flying skull
   130 | D        | Noticed a water moccasin
   138 | D        | Killed a warg
   138 | D        | Reached skill level 7 in Unarmed Combat
   138 | D        | Reached XP level 5. HP: 31/60 MP: 5/5
   141 | D        | Killed a water moccasin
   141 | D        | Reached skill level 5 in Dodging
   141 | D        | Reached skill level 8 in Unarmed Combat
   144 | D        | Killed a flying skull
   144 | D        | Reached skill level 5 in Fighting
   144 | D        | Reached skill level 9 in Unarmed Combat
   144 | D        | Gained mutation: You are cold resistant. (rC+) [demonic
                  | ancestry]
   144 | D        | Reached XP level 6. HP: 43/72 MP: 6/6
   168 | D        | Noticed a gargoyle
   172 | D        | Killed a gargoyle
   172 | D        | Reached skill level 10 in Unarmed Combat
   172 | D        | Reached XP level 7. HP: 60/82 MP: 7/7
   175 | D        | Noticed Grinder
   181 | D        | Killed Grinder
   181 | D        | Reached skill level 11 in Unarmed Combat
   185 | D        | Reached XP level 8. HP: 63/92 MP: 8/8
   193 | D        | Noticed an elephant
   204 | D        | Killed an elephant
   204 | D        | Reached skill level 12 in Unarmed Combat
   230 | D        | Lost mutation: Your spells are a little harder to cast, but
                  | a little more powerful. [Jiyva's grace]
   232 | D        | Lost mutation: You are agile. (Dex +2) [Jiyva's grace]
   234 | D        | Lost mutation: You passively map a small area around you.
                  | [Jiyva's grace]
   247 | D        | Gained mutation: You are agile. (Dex +2) [Jiyva's grace]
   250 | D        | Gained mutation: You are dopey. (Int -2) [Jiyva's grace]
   255 | D        | Gained mutation: Your rubbery body absorbs attacks. (AC +1,
                  | EV +1) [Jiyva's grace]
   258 | D        | Gained mutation: You are strong. (Str +2) [Jiyva's grace]
   259 | D        | Gained mutation: You are very dopey. (Int -4) [Jiyva's
                  | grace]
   266 | D        | Gained mutation: You have a pair of antennae on your head.
                  | [Jiyva's grace]
   273 | D        | Killed a shadow wraith
   273 | D        | Reached skill level 13 in Unarmed Combat
   273 | D        | Reached XP level 9. HP: 80/105 MP: 9/9
   324 | D        | Lost mutation: Your rubbery body absorbs attacks. (AC +1,
                  | EV +1) [Jiyva's grace]
   328 | D        | Lost mutation: You are very dopey. (Int -4) [Jiyva's grace]
   330 | D        | Gained mutation: You are very strong. (Str +4) [Jiyva's
                  | grace]
   330 | D        | Lost mutation: You have a pair of antennae on your head.
                  | [Jiyva's grace]
   336 | D        | Lost mutation: You have sharp toenails. [Jiyva's grace]
   338 | D        | Gained mutation: Your body has grown golden eyes which may
                  | confuse attackers. (Acc +3) [Jiyva's grace]
   339 | D        | Lost mutation: You have a pair of small antennae on your
                  | head. [Jiyva's grace]
   372 | D        | Identified the cursed +9 flail of the Solstice {crush,
                  | *Rage Str+5, (Curse: *Drain)}
   381 | D        | Noticed a spriggan rider
   384 | D        | Reached skill level 14 in Unarmed Combat
   396 | D        | Noticed an alligator
   402 | D        | Killed an alligator
   402 | D        | Gained mutation: You are mostly covered in large bone
                  | plates. (SH +6) [demonic ancestry]
   402 | D        | Reached XP level 10. HP: 62/117 MP: 10/10
   407 | D        | Reached skill level 15 in Unarmed Combat
   411 | D        | Noticed a swamp dragon
   421 | D        | Killed a swamp dragon
   421 | D        | Reached skill level 10 in Dodging
   433 | D        | Reached skill level 10 in Fighting
   572 | D        | Got the cursed ring "Rejitoa" {rPois MR+ EV+5 Int+5,
                  | (Curse: rC-)}
   578 | D        | Got the cursed amulet "Ruaff" {Harm *Drain rN+ MR- Str+2
                  | +Vis, (Curse: *Slow)}
   618 | D        | Killed a shadow wraith
   618 | D        | Reached skill level 16 in Unarmed Combat
   706 | D        | Lost mutation: You are robust. (+10% HP) [Jiyva's grace]
   706 | D        | Gained mutation: You are robust. (+10% HP) [Jiyva's grace]
   706 | D        | Gained mutation: Your spells are a little harder to cast,
                  | but a little more powerful. [Jiyva's grace]
   708 | D        | Lost mutation: You are dopey. (Int -2) [Jiyva's grace]
   709 | D        | Gained mutation: You have sharp toenails. [Jiyva's grace]
   711 | D        | Gained mutation: Your translucent skin slightly reduces
                  | your foes' accuracy. (Stealth) [Jiyva's grace]
   711 | D        | Gained mutation: You are covered in slimy tendrils that may
                  | disarm your opponents. [Jiyva's grace]
   712 | D        | Gained mutation: Your body has grown many golden eyes which
                  | may confuse attackers. (Acc +5) [Jiyva's grace]
   712 | D        | Gained mutation: Your thick and shaggy fur keeps you warm.
                  | (AC +3, rC+) [Jiyva's grace]
   712 | D        | Gained mutation: You possess an exceptional clarity of
                  | mind. [Jiyva's grace]
   712 | D        | Lost mutation: You are very strong. (Str +4) [Jiyva's
                  | grace]
   712 | D        | Lost mutation: You possess an exceptional clarity of mind.
                  | [Jiyva's grace]
   712 | D        | Gained mutation: You expend magic power (3 MP) to
                  | strengthen your wands. [Jiyva's grace]
   712 | D        | Gained mutation: You have very sharp teeth. [Jiyva's grace]
   715 | D        | Gained mutation: You possess an exceptional clarity of
                  | mind. [Jiyva's grace]
   715 | D        | Gained mutation: You are very robust. (+20% HP) [Jiyva's
                  | grace]
   716 | D        | Gained mutation: You have razor-sharp toenails. [Jiyva's
                  | grace]
   717 | D        | Lost mutation: You have razor-sharp toenails. [Jiyva's
                  | grace]
   717 | D        | Gained mutation: You have a pair of small antennae on your
                  | head. [Jiyva's grace]
   717 | D        | Gained mutation: Your mind is acute. (Int +2) [Jiyva's
                  | grace]
   720 | D        | Gained mutation: Armour fits poorly on your pseudopods.
                  | [Jiyva's grace]
   720 | D        | Lost mutation: Your spells are a little harder to cast, but
                  | a little more powerful. [Jiyva's grace]
   726 | D        | Gained mutation: You passively map a small area around you.
                  | [Jiyva's grace]
   728 | D        | Lost mutation: Your mind is acute. (Int +2) [Jiyva's grace]
   739 | D        | Gained mutation: You have extremely sharp teeth. [Jiyva's
                  | grace]
   740 | D        | Gained mutation: You are very agile. (Dex +4) [Jiyva's
                  | grace]
   742 | D        | Lost mutation: You can translocate small distances at will.
                  | [Jiyva's grace]
   745 | D        | Noticed a lindwurm
   746 | D        | Lost mutation: You have sharp toenails. [Jiyva's grace]
   751 | D        | Gained mutation: You have a pair of antennae on your head.
                  | [Jiyva's grace]
   758 | D        | Killed a lindwurm
   758 | D        | Gained mutation: You are immune to freezing clouds.
                  | [demonic ancestry]
   758 | D        | Reached XP level 11. HP: 142/142 MP: 11/11
   769 | D        | Noticed a fire crab
   780 | D        | Killed a fire crab
   780 | D        | Reached skill level 17 in Unarmed Combat
   811 | D        | Lost mutation: You are covered in slimy tendrils that may
                  | disarm your opponents. [Jiyva's grace]
   814 | D        | Lost mutation: Your body has grown many golden eyes which
                  | may confuse attackers. (Acc +5) [Jiyva's grace]
   814 | D        | Lost mutation: You are strong. (Str +2) [Jiyva's grace]
   814 | D        | Gained mutation: You have supernaturally acute eyesight.
                  | (+Vis) [Jiyva's grace]
   815 | D        | Gained mutation: You are resistant to hostile enchantments.
                  | (MR+) [Jiyva's grace]
   819 | D        | Gained mutation: Your mind is acute. (Int +2) [Jiyva's
                  | grace]
   822 | D        | Noticed a spriggan rider
   822 | D        | Noticed an ettin
   823 | D        | Lost mutation: Your mind is acute. (Int +2) [Jiyva's grace]
   865 | D        | Killed an ettin
   869 | D        | Lost mutation: You have a pair of antennae on your head.
                  | [Jiyva's grace]
   869 | D        | Lost mutation: Your body has grown golden eyes which may
                  | confuse attackers. (Acc +3) [Jiyva's grace]
   889 | D        | Noticed a red ugly thing
   895 | D        | Killed a red ugly thing
   925 | D        | Noticed a swamp dragon
   936 | D        | Killed a swamp dragon
   947 | D        | Noticed an olive draconian
   947 | D        | Noticed a sea snake
   947 | D        | Noticed an alligator
   947 | D        | Noticed a ghost moth
   947 | D        | Identified the +3 mace "Yleonkosh" {acid, rElec rF+ Stlth+}
   959 | D        | Noticed a storm dragon
   959 | D        | Noticed a deep troll shaman
   959 | D        | Noticed an iron troll
   959 | D        | Noticed an iron troll
   959 | D        | Noticed a deep troll shaman
   959 | D        | Noticed a vault guard
   959 | D        | Noticed a deep troll
   960 | D        | Noticed a lich
   964 | D        | Noticed a shadow demon
   978 | D        | Killed a ghost moth
   978 | D        | Reached skill level 18 in Unarmed Combat
   988 | D        | Noticed a Brimstone Fiend
   990 | D        | Noticed a balrug
   995 | D        | Noticed a phantasmal warrior
   995 | D        | Lost mutation: You have extremely sharp teeth. [Jiyva's
                  | grace]
   997 | D        | Gained mutation: You have extremely sharp teeth. [Jiyva's
                  | grace]
  1004 | D        | HP: 5/146 [phantasmal warrior (31)]
  1005 | D        | Demolished by a phantasmal warrior

Levels and vault maps discovered:
D:        pitsprint [storerooms_1, entrance_room_1, metal_vault_5, armoury_1,
          mini_pit_1, grid_room_1, main_hall_1, silver_pit, the_coven_1,
          the_vestibule_1, steel_vault_3, golden_pit, hallway_of_sentries,
          crystal_vault_1, iron_vault_1, final_vault]

Skill      XL: |  1  2  3  4  5  6  7  8  9 10 11 |
---------------+----------------------------------+-----
Fighting       | 2 3 4 5 6 8 9 10 11 | 11.6
Unarmed Combat | 3 5 7 9 10 11 13 14 16 18 | 18.1
Dodging        | 3 4 5 6 7 8 9 10 11 | 11.8
Stealth        | |  1.0
Spellcasting   | |  1.2
Invocations    | |  2.4

Action                   |  1- 3 |  4- 6 |  7- 9 | 10-12 || total
-------------------------+-------+-------+-------+-------++-------
Melee: Unarmed           |    30 |    19 |   106 |   167 ||   322
       Kick              |       |     4 |    14 |     1 ||    19
       Pseudopods        |       |       |       |    19 ||    19
       Bite              |       |       |       |    12 ||    12
  Use: Potion            |       |       |       |     2 ||     2
 Stab: Sleeping          |     1 |     1 |       |       ||     2
       Confused          |       |       |       |     3 ||     3
  Eat: Chunk             |       |       |       |     1 ||     1
Armor: Robe              |     3 |     2 |     5 |     3 ||    13
       Acid dragon scale |       |       |       |    14 ||    14
Dodge: Dodged            |     7 |     4 |     7 |    47 ||    65
Block: Other             |       |     1 |     4 |    21 ||    26
